 Dungeon Crawl Stone Soup version 0.31-a0-1606-g60c5cc7444 (webtiles) character file.

Game seed: 7557086528954605277

41052 Glamurio the Basher (level 14, 0/94 HPs)
             Began as a Gargoyle Monk on Jan 8, 2024.
             Was a High Priest of Elyvilon.
             Slain by a balrug
             ... wielding a +0 demon whip
             ... summoned by Mlioglotl
              (26 damage)
             ... on level 1 of the Spider Nest.
             The game lasted 01:14:04 (12592 turns).

Glamurio the Basher (Gargoyle Monk)                Turns: 12592, Time: 01:14:05

Health: 0/94       AC: 35    Str: 19    XL:     14   Next: 13%
Magic:  10/15      EV: 11    Int: 12    God:    Elyvilon [*****.]
Gold:   826        SH: 13    Dex: 12    Spells: 13/13 levels left

rFire   . . .        T - +6 morningstar
rCold   . . .        j - +2 kite shield
rNeg    + . .        U - +3 scale mail
rPois   ∞            C - +2 hat
rElec   +            Q - +2 cloak
rCorr   .            M - +2 pair of gloves
SInv    .            (no boots)
Will    +....        c - amulet of regeneration Stlth
                     L - +4 ring of protection
HPRegen 1.15/turn    p - +4 ring of slaying
MPRegen 0.14/turn

%: no passive effects
@: flying
A: sickness immunity, AC +10, big wings, negative energy resistance 1,
electricity resistance, torment resistance 1, petrification resistance
a: Renounce Religion, Purification, Heal Other, Heal Self, Divine Vigour


You were on level 1 of the Spider Nest.
You worshipped Elyvilon.
Elyvilon was extremely pleased with you.
You visited 3 branches of the dungeon, and saw 13 of its levels.
You also visited: Sewer and Bailey.

You collected 826 gold pieces.

Inventory:

Hand Weapons
 T - a +6 morningstar (weapon)
Missiles
 v - 18 poisoned darts
Armour
 j - a +2 kite shield (worn)
 C - a +2 hat (worn)
 M - a +2 pair of gloves (worn)
 Q - a +2 cloak (worn)
 U - a +3 scale mail (worn)
Jewellery
 c - an amulet of regeneration (around neck)
 k - a ring of protection from fire
 p - a +4 ring of slaying (right hand)
 K - a ring of protection from cold
 L - a +4 ring of protection (left hand)
 P - a ring of positive energy
 V - a +4 ring of protection
 W - a +5 ring of evasion
Wands
 m - a wand of light (13)
 B - a wand of roots (11)
 J - a wand of mindburst (7)
 N - a wand of flame (4)
 O - a wand of polymorph (13)
Scrolls
 b - 3 scrolls of fog {unknown}
 e - a scroll of immolation {unknown}
 g - a scroll of blinking
 l - 7 scrolls of teleportation
 o - a scroll of amnesia {unknown}
 q - a scroll of enchant weapon
 y - 4 scrolls of fear
 A - a scroll of summoning {unknown}
 D - 2 scrolls of enchant armour {unknown}
 E - 2 scrolls of brand weapon {unknown}
 I - a scroll of revelation {unknown}
 R - a scroll of poison {unknown}
 S - 5 scrolls of vulnerability
Potions
 a - 2 potions of magic {unknown}
 f - a potion of might {unknown}
 h - 4 potions of brilliance
 i - 2 potions of berserk rage {unknown}
 n - 2 potions of attraction
 r - 5 potions of mutation
 s - a potion of resistance {unknown}
 t - a potion of ambrosia
 u - a potion of lignification {unknown}
 w - 4 potions of enlightenment
 z - 2 potions of heal wounds
 G - a potion of invisibility {unknown}
 H - 5 potions of haste {unknown}
Miscellaneous
 d - a sack of spiders


   Skills:
 * Level 13.4 Fighting
 + Level 14.1 Maces & Flails
 * Level 11.9 Armour
 + Level 6.6 Dodging
 + Level 1.5 Stealth
 + Level 9.8 Shields
 + Level 2.0 Invocations


You had 13 spell levels left.
You didn't know any spells.
Your spell library contained the following spells:

 Spells                   Type           Power      Damage    Failure   Level
 Blink                    Tloc           0%         N/A       93%         2
 Lesser Beckoning         Tloc           0%         N/A       93%         2
 Momentum Strike          Conj/Tloc      0%         3d8       93%         2
 Gell's Gravitas          Tloc           0%         N/A       99%         3
 Inner Flame              Hex/Fire       0%         N/A       99%         3
 Teleport Other           Tloc           0%         N/A       99%         3
 Anguish                  Hex/Necr       0%         N/A       100%        4
 Animate Armour           Summ/Erth      0%         N/A       100%        4
 Cause Fear               Hex            0%         N/A       100%        4
 Flame Wave               Conj/Fire      0%         2d4       100%        4
 Sticky Flame             Fire/Alch      0%         2d4       100%        4
 Summon Blazeheart Golem  Fire/Summ      0%         N/A       100%        4
 Summon Forest            Summ/Tloc      0%         N/A       100%        5
 Summon Mana Viper        Hex/Summ       0%         N/A       100%        5
 Starburst                Conj/Fire      0%         6d3       100%        6
 Summon Cactus Giant      Summ           0%         N/A       100%        6
 Enfeeble                 Hex            0%         N/A       100%        7
 Chain Lightning          Conj/Air       0%         N/A       100%        9


Dungeon Overview and Level Annotations

Branches:
Dungeon (10/15)            Temple (0/1) D:5            Lair (2/5) D:10
 Spider (1/4) Lair:2        Sewer (visited)          Bailey (visited)
  Swamp: Lair:2-3    Shoals: Lair:2-3       Orc: D:9-12

Altars:
Ashenzari
Cheibriados
Fedhas
Gozag
Hepliaklqana
Makhleb
Nemelex Xobeh
Qazlal
Ru
Trog
Wu Jian
Xom

Annotations:
D:4 exclusion: oklob plant
Spider:1 Mlioglotl


Innate Abilities, Weirdness & Mutations

You are immune to sickness and miasma.
Your stone body is resilient. (AC +10)
You are immune to poison.
Your large and strong wings let you fly.
You resist negative energy. (rN+)
You are resistant to electric shocks. (rElec)
You are resistant to unholy torment.
You are immune to petrification.


Message History

Mlioglotl tramples you but does no damage.
The starspawn tentacle grabs you. The starspawn tentacle constricts you.
The starspawn tentacle loses its grip on you.
The tentacle pulls you backwards! Mlioglotl hits you! Mlioglotl tramples you!!
* * * LOW HITPOINT WARNING * * *
You hold your ground!
The white imp barely misses you.
The reaper is caught in a web!
Mlioglotl hits you but does no damage.
Mlioglotl tramples you but does no damage.
You are healed.
The apocalypse crab disappears in a puff of smoke!
The reaper is no longer blind.
The red very ugly thing disappears in a puff of smoke!
The white very ugly thing disappears in a puff of smoke!
You block the white imp's attack. You block Mlioglotl's attack. x2
You hit Mlioglotl but do no damage.
Mlioglotl is almost dead.
You block Mlioglotl's attack. x2
The white imp hits you but does no damage.
The reaper shouts, "I have come for you, Glamurio!"
The reaper pulls away from the web.
The worldbinder calls forth creatures from the Vaults!
You block Mlioglotl's attack.
Mlioglotl tramples you but does no damage.
You are healed.
The white imp barely misses you. You block Mlioglotl's attack. x2
The reaper closely misses you.
A tentacle flies out from the starspawn's body!
The vault sentinel is engulfed in excruciating misery.
A starspawn tentacle comes into view.
You hit Mlioglotl but do no damage.
Mlioglotl is almost dead.
The white imp hits you but does no damage.
Mlioglotl hits you but does no damage. Mlioglotl tramples you.
You hold your ground!
The reaper shouts, "Death awaits you!"
The reaper hits you from afar with a +4 vampiric scythe!!
The balrug hits you with a +0 demon whip!
* * * LOW HITPOINT WARNING * * *
You are engulfed in flames!!
You die...

.#........................
.#.......#.........#...#..
......#..#.##.............
.....O°°.......##.........
...○..°°p...#..#.......#.#
....○°○#x§#...###..#.##.##
#...#.#z2°x.####.#######.#
.....wXuX#5## ### #..
.>.##..##@## ###
...^....2## # .#^...####
...#.# #####


You could see Mlioglotl (strong), a cyan very ugly thing (summoned), a tentacled
starspawn (summoned), a balrug (summoned), a reaper (summoned), a worldbinder
(summoned), a weeping skull (summoned), a small abomination (summoned), a
starspawn tentacle and a white imp (summoned).

Vanquished Creatures
  Frances (Spider:1)
  Gastronok (Lair:2)
  Roxanne (Spider:1)
  2 vault guards (Bailey)
  A boulder beetle (Spider:1)
  Erica (Lair:2)
  A two-headed ogre (D:10)
  A demonic crawler (Lair:2)
  The ghost of Pascal76 the Cleaver, a novice MiFi of Okawaru (D:7)
  A pharaoh ant (Spider:1)
  The ghost of Lavandula the Ruffian, a novice FoSh of Ru (D:7)
  8 wolf spiders
  3 meliai (Lair:2)
  2 black mambas
  2 moths of wrath (Spider:1)
  4 elephants
  A torpor snail (Lair:2)
  8 cane toads
  2 komodo dragons (Lair:1)
  An unseen horror (D:10)
  A troll (D:9)
  7 tarantellas (Lair:2)
  11 blink frogs
  Prince Ribbit (D:8)
  13 jumping spiders
  10 culicivoras
  23 yaks
  4 wyverns
  14 humans
  10 redbacks
  A steam dragon (D:10)
  A basilisk (Lair:2)
  An acid dragon (D:10)
  12 water moccasins
  2 orc warriors
  2 ice beasts
  A sky beast (D:6)
  2 wolves (D:10)
  2 ogres
  A centaur (D:8)
  A phantom (D:6)
  3 kobold brigands
  27 bullfrogs
  A gnoll sergeant (D:9)
  3 scorpions
  22 wights
  16 killer bees
  A howler monkey (D:8)
  2 electric eels (D:8)
  2 bombardier beetles
  5 lava snakes (D:10)
  4 jellies
  9 orc priests
  4 hounds
  A gnoll bouda (D:8)
  3 iguanas
  Ijyb (D:5)
  2 sleepcaps
  10 orc wizards
  12 gnolls
  A river rat (Sewer)
  9 adders
  A shadow imp (D:7)
  A white imp (D:7)
  29 orcs
  6 endoplasms
  A giant cockroach (D:1)
  10 goblins
  8 hobgoblins
  2 jackals (Sewer)
  12 kobolds
  6 quokkas
  5 ball pythons
  5 bats
  2 frilled lizards (D:3)
  8 rats
  A spectral kobold (D:5)
398 creatures vanquished.

Vanquished Creatures (others)
  An orc warrior (D:10)
  An orc wizard (D:10)
  An orc (D:8)
  2 starspawn tentacles (Spider:1)
5 creatures vanquished.

Grand Total: 403 creatures vanquished

Notes
Turn   | Place    | Note
-------+----------+-------------------------------------------
     0 | D:1      | Glamurio the Gargoyle Monk began the quest for the Orb.
     0 | D:1      | Reached XP level 1. HP: 14/14 MP: 1/1
   151 | D:1      | Reached XP level 2. HP: 18/19 MP: 2/2
  1002 | D:2      | Found an opulent altar of Gozag.
  1186 | D:2      | Reached XP level 3. HP: 24/24 MP: 3/3
  1564 | D:3      | Noticed a scorpion
  1580 | D:3      | Killed a scorpion
  1581 | D:3      | Reached skill level 1 in Armour
  1581 | D:3      | Reached XP level 4. HP: 29/29 MP: 4/4
  1630 | D:3      | Found a faded altar of an unknown god.
  1630 | D:3      | Noticed a Brimstone Fiend
  1760 | D:3      | Found a sacrificial altar of Ru.
  1771 | D:3      | Reached XP level 5. HP: 17/33 MP: 5/5
  1902 | D:3      | Found a glowing drain.
  1907 | Sewer    | Entered a sewer
  1947 | Sewer    | Noticed a kobold brigand
  1984 | Sewer    | Killed a kobold brigand
  1985 | Sewer    | Reached skill level 4 in Maces & Flails
  1985 | Sewer    | Reached skill level 1 in Shields
  2013 | Sewer    | Noticed a kobold brigand
  2057 | Sewer    | Killed a kobold brigand
  2058 | Sewer    | Reached XP level 6. HP: 19/39 MP: 6/6
  2137 | Sewer    | Found a white marble altar of Elyvilon.
  2147 | Sewer    | Became a worshipper of Elyvilon the Healer
  2147 | Sewer    | Reached * piety under Elyvilon
  2147 | Sewer    | Reached ** piety under Elyvilon
  2624 | D:3      | Found an iron altar of Okawaru.
  2626 | D:3      | Found a glowing silver altar of Zin.
  2626 | D:3      | Found a shimmering altar of Xom.
  2631 | D:3      | Found a stormy altar of Qazlal.
  2631 | D:3      | Found an opulent altar of Gozag.
  2631 | D:3      | Found a stormy altar of Qazlal.
  3191 | D:4      | Reached XP level 7. HP: 9/44 MP: 7/7
  3491 | D:4      | Reached skill level 5 in Fighting
  3529 | D:4      | Got the Disquisition on Non-Euclidean Apparitions
  3660 | D:4      | Reached skill level 5 in Maces & Flails
  3660 | D:4      | Reached skill level 5 in Armour
  3669 | D:4      | Found a sparkling altar of Nemelex Xobeh.
  3863 | D:4      | Found a blossoming altar of Fedhas.
  3893 | D:4      | Noticed an oklob plant
  4030 | D:5      | Entered Level 5 of the Dungeon
  4083 | D:5      | Reached XP level 8. HP: 43/50 MP: 8/8
  4094 | D:5      | Noticed Ijyb
  4125 | D:5      | Killed Ijyb
  4183 | D:5      | Reached *** piety under Elyvilon
  4397 | D:5      | Found a staircase to the Ecumenical Temple.
  4540 | D:5      | Found a hazy altar of Hepliaklqana.
  4773 | D:6      | Reached skill level 6 in Maces & Flails
  4863 | D:6      | Found a broken altar of Ashenzari.
  4941 | D:6      | Reached XP level 9. HP: 56/56 MP: 9/9
  4997 | D:6      | Reached **** piety under Elyvilon
  5158 | D:6      | Found an ornate altar of the Wu Jian Council.
  5273 | D:6      | Found a snail-covered altar of Cheibriados.
  5377 | D:7      | Reached skill level 1 in Stealth
  5446 | D:7      | Reached skill level 7 in Maces & Flails
  5505 | D:7      | Found a runed translucent gate.
  5506 | D:7      | Found a runed translucent gate.
  5507 | D:7      | Found a runed translucent gate.
  5508 | D:7      | Noticed Lavandula's ghost (novice FoSh)
  5509 | D:7      | Noticed Pascal76's ghost (novice MiFi)
  5637 | D:7      | Killed Pascal76's ghost
  5647 | D:7      | Killed Lavandula's ghost
  5648 | D:7      | Reached skill level 8 in Maces & Flails
  5648 | D:7      | Reached XP level 10. HP: 47/64 MP: 10/10
  5826 | D:7      | Found a burning altar of Makhleb.
  6054 | D:8      | Reached skill level 5 in Shields
  6424 | D:8      | Identified the +0 ring mail of Beaxkisai {Dex+2}
  6461 | D:8      | Reached skill level 9 in Maces & Flails
  6470 | D:8      | Reached ***** piety under Elyvilon
  6508 | D:8      | Found a flagged portal.
  6515 | D:8      | Noticed Prince Ribbit
  6518 | Bailey   | Entered a bailey
  6682 | Bailey   | Reached skill level 5 in Dodging
  6745 | Bailey   | Reached XP level 11. HP: 62/71 MP: 11/11
  6758 | Bailey   | Reached skill level 10 in Maces & Flails
  6759 | Bailey   | Noticed a vault guard
  6780 | Bailey   | Killed a vault guard
  6847 | Bailey   | Noticed a vault guard
  6872 | Bailey   | Killed a vault guard
  6964 | D:8      | Killed Prince Ribbit
  7583 | D:9      | Found a stormy altar of Qazlal.
  8034 | D:10     | Entered Level 10 of the Dungeon
  8108 | D:10     | Reached skill level 10 in Fighting
  8108 | D:10     | Reached skill level 11 in Maces & Flails
  8283 | D:10     | Noticed a two-headed ogre
  8295 | D:10     | Killed a two-headed ogre
  8296 | D:10     | Reached XP level 12. HP: 59/78 MP: 12/12
  8306 | D:10     | Found a staircase to the Lair.
  8319 | D:10     | Found a bloodstained altar of Trog.
  8809 | Lair:1   | Entered Level 1 of the Lair of Beasts
  8835 | Lair:1   | Reached skill level 10 in Armour
  8900 | Lair:1   | Identified the +0 chain mail of Insatiable Hunger {Dex+3}
  8985 | Lair:1   | Reached skill level 12 in Maces & Flails
  9237 | Lair:1   | Got the Secrets of the Gusty Dragon
  9297 | Lair:1   | Reached ****** piety under Elyvilon
  9803 | Lair:2   | Found a hole to the Spider Nest.
 10104 | Lair:2   | Reached XP level 13. HP: 84/85 MP: 13/13
 10136 | Lair:2   | Found a broken altar of Ashenzari.
 10247 | Lair:2   | Reached skill level 13 in Maces & Flails
 10392 | Lair:2   | Noticed Erica
 10398 | Lair:2   | Noticed Gastronok
 10400 | Lair:2   | Killed Erica
 10439 | Lair:2   | Killed Gastronok
 10963 | Spider:1 | Entered Level 1 of the Spider Nest
 10963 | Spider:1 | Noticed Frances
 11053 | Lair:2   | Reached skill level 1 in Invocations
 11454 | Spider:1 | Paralysed by a chaos spawn for 1 turns
 11567 | Spider:1 | Killed Frances
 11602 | Spider:1 | Noticed Roxanne
 11753 | Spider:1 | HP: 4/87 [meliai/+0 war axe (13)]
 11755 | Lair:2   | Elyvilon protects you from harm!
 11761 | Lair:2   | HP: 4/87 [meliai/+0 broad axe (7)]
 11761 | Lair:2   | Elyvilon protects you from harm!
 11763 | Lair:2   | Elyvilon protects you from harm!
 11942 | Spider:1 | Killed Roxanne
 12233 | Spider:1 | Gained mutation: Your large and strong wings let you fly.
                  | [Gargoyle growth]
 12233 | Spider:1 | Reached XP level 14. HP: 94/94 MP: 15/15
 12274 | Spider:1 | Reached skill level 14 in Maces & Flails
 12566 | Spider:1 | Noticed Mlioglotl
 12577 | Spider:1 | Noticed a balrug
 12578 | Spider:1 | Noticed an ironbound thunderhulk
 12578 | Spider:1 | Noticed a reaper
 12579 | Spider:1 | Noticed a red very ugly thing
 12579 | Spider:1 | Noticed a tentacled starspawn
 12581 | Spider:1 | Noticed a cyan very ugly thing
 12581 | Spider:1 | Noticed a white very ugly thing
 12591 | Spider:1 | Noticed an ironbound thunderhulk
 12592 | Spider:1 | Slain by a balrug

Illustrated notes

Levels and vault maps discovered:
D:1:      mainiacjoe_arrival_oval_in_oval, layout_basic, minmay_misc_feat_square
D:2:      layout_loops_ring, basic_altar, minmay_misc_feat_four_crosses
D:3:      layout_basic, nicolae_ru_great_annihilating_truth,
          doesnt_xom_only_xom, dreamdust_ecumenical_altar_sealed_demon,
          gup_sewer_entry_spiral, minmay_diced_spiral
D:4:      layout_rooms, nemelex_xobeh_ov_fountains_minmay, tgw_fedhas,
          kennysheep_small_spiral
D:5:      layout_gridville, nicolae_hepliaklqana_monster_ancestors,
          minmay_temple_entry_drinking_statues, serial_bayou_pond_d,
          kennysheep_another_room, roderic_malta_cross, uniq_ijyb
D:6:      layout_basic, nicolae_ashenzari_panopticon, lemuel_doored_altar,
          mainiacjoe_overflow_boulevard, dreamdust_gnoll_farm
D:7:      layout_rooms, mainiacjoe_overflow_paths, gammafunk_ghost_cemetery
D:8:      wad_river_or_something, layout_basic, enter_bailey_6,
          uniq_prince_ribbit1
D:9:      layout_basic, mainiacjoe_overflow_brackets
D:10:     erik_rubicon_a, layout_rooms, bloody_trog, erik_lair_orcish_takeover,
          minmay_ruffians
Lair:1:   layout_chaotic_city, serial_bayou_shore_a, infiniplex_staircase_pool
Lair:2:   layout_cave_pods, hellmonk_spider_entry_life_and_decay, basic_altar,
          grunt_megastairs_2, lemuel_fruit_tree, uniq_erica, uniq_gastronok
Spider:1: layout_spider_delve, uniq_mlioglotl, uniq_frances, uniq_roxanne

Skill      XL: |  1  2  3  4  5  6  7  8  9 10 11 12 13 14 |
---------------+-------------------------------------------+-----
Fighting       | 4 5 6 7 9 10 11 13 | 13.4
Armour         | 1 2 3 4 5 6 7 8 9 10 11 | 11.9
Dodging        | 3 4 5 6 |  6.6
Maces & Flails | 4 5 6 8 9 11 12 13 14 | 14.1
Shields        | 1 2 3 4 5 7 8 9 |  9.8
Stealth        | 1 |  1.5
Invocations    | 2 |  2.0

Action                     |  1- 3 |  4- 6 |  7- 9 | 10-12 | 13-15 || total
---------------------------+-------+-------+-------+-------+-------++-------
  Melee: Mace              |    78 |   223 |   149 |       |       ||   450
         Flail             |       |       |   113 |    12 |       ||   125
         Morningstar       |       |       |       |   763 |   425 ||  1188
 Invoke: Heal Self         |       |       |     1 |     1 |    13 ||    15
         Purification      |       |       |       |       |     1 ||     1
  Evoke: Wand              |       |       |       |       |     1 ||     1
    Use: Scroll            |     3 |     4 |       |     2 |     2 ||    11
         Potion            |       |     2 |     1 |     1 |     5 ||     9
   Stab: Paralysed         |       |     1 |       |       |       ||     1
 Armour: Robe              |     8 |       |       |       |       ||     8
         Ring mail         |    41 |   161 |   247 |   112 |       ||   561
         Scale mail        |       |       |       |   431 |   670 ||  1101
  Dodge: Dodged            |    29 |   102 |   130 |   296 |   351 ||   908
  Block: Kite shield       |    30 |    87 |   130 |   447 |   504 ||  1198

Table legend: (Time is in decaauts)
 A = Elapsed time spent in this place.
 B = Non-inter-level travel time spent in this place.
 C = Inter-level travel time spent in this place.
 D = Time resting spent in this place.
 E = Time spent auto-exploring this place.
 F = Levels seen in this place.
 G = Mean time per level.
                   A        B        C        D        E       F      G
               +--------+--------+--------+--------+--------+-----+--------+
         Total |  13071 |  12504 |    567 |   1042 |   6723 |  15 |  871.4 |
       Dungeon |   8376 |   7894 |    482 |    220 |   4757 |  10 |  837.6 |
          Lair |   2862 |   2777 |     85 |    570 |   1458 |   2 | 1431.0 |
   Spider Nest |    908 |    908 |      0 |    153 |    273 |   1 |  908.0 |
         Sewer |    460 |    460 |      0 |     66 |    136 |   1 |  460.0 |
        Bailey |    463 |    463 |      0 |     33 |     99 |   1 |  463.0 |
               +--------+--------+--------+--------+--------+-----+--------+

Top non-repeatable levels by time:
  Lair:2: 2031 daAuts
     D:3: 1526 daAuts
Spider:1: 908 daAuts
     D:8: 900 daAuts
  Lair:1: 830 daAuts
     D:4: 814 daAuts
     D:1: 809 daAuts
    D:10: 787 daAuts
     D:9: 771 daAuts
     D:5: 764 daAuts
     D:7: 681 daAuts
     D:2: 680 daAuts
     D:6: 639 daAuts
  Bailey: 463 daAuts
   Sewer: 460 daAuts
